 Dungeon Crawl Stone Soup version bcrawl-1.37.1 (webtiles) character file.

Game seed: 4594490468162455600

198995 Finster the Slasher (level 7, -2/59 HPs)
             Began as a Demigod Fighter on Oct 15, 2022.
             Slain by a bullfrog (6 damage)
             ... in a sewer.
             The game lasted 00:10:09 (3796 turns).

Finster the Slasher (Demigod Fighter)               Turns: 3796, Time: 00:10:09

Health: -2/59      AC: 11    Str: 24    XL:     7   Next: 10%
Magic:  9/9        EV:  2    Int: 12    God:    Demigod [**....]
Gold:   241        SH: 12    Dex: 16    Spells: 6/6 levels left

rFire    . . .     GDR:     31% a - +0 long sword
rCold    + . .     SeeInvis .   c - +0 medium shield
rNeg     . . .     Gourm    .   l - +0 plate armour
rPois    .         Faith    .   (no helmet)
rElec    .         Spirit   .   (no cloak)
rCorr    .         Reflect  .   (no gloves)
MR       .....                  (no boots)
Stlth    ..........             (no amulet)
HPRegen  0.19/turn              m - ring of protection from cold
MPRegen  0.11/turn              (no ring)

@: no status effects
A: high mp 1
a: Temporal Distortion, Growth


You were in a sewer.
You worshipped Demigod.
Demigod was pleased with you.
You were hungry.

You visited 1 branch of the dungeon, and saw 4 of its levels.
You also visited: Sewer.

You collected 241 gold pieces.

Inventory:

Hand Weapons
 a - a +0 long sword (weapon)
Armour
 b - a +0 scale mail
 c - a +0 medium shield (worn)
 l - a +0 plate armour (worn)
 n - a +0 pair of boots
Jewellery
 m - a ring of protection from cold (left hand)
Wands
 s - a wand of paralysis (11)
 u - a wand of polymorph (8)
Scrolls
 f - a scroll of remove curse
 i - a scroll of identify
Potions
 d - a potion of might
 g - a potion of heal wounds
 h - 2 potions of flight {unknown}
 k - a potion of magic
 q - a potion of resistance {unknown}
 r - a potion of mutation {unknown}
 t - a potion of invisibility {unknown}
Comestibles
 e - 8 rations {!d}
 j - 4 chunks of flesh


   Skills:
 * Level 4.1 Fighting
 * Level 4.8 Long Blades
 + Level 3.7 Armour
 + Level 0.2 Dodging
 + Level 4.1 Shields


You had 6 spell levels left.
You didn't know any spells.
Your spell library was empty.

Dungeon Overview and Level Annotations

Branches:
Dungeon (4/12)
 Temple: D:4-7


Innate Abilities, Weirdness & Mutations

You have an increased reservoir of magic. (+10% MP)


Message History

You block the bullfrog's attack. The bullfrog hits you!
* * * LOW HITPOINT WARNING * * *
You hit the bullfrog.
The bullfrog is almost dead.
You block the bullfrog's attack. The bullfrog hits you!
* * * LOW HITPOINT WARNING * * *
You closely miss the bullfrog.
The bullfrog is almost dead.
The bullfrog hits you.
* * * LOW HITPOINT WARNING * * *
You block the bullfrog's attack.
You hit the bullfrog.
The bullfrog is almost dead.
The bullfrog hits you but does no damage.
You block the bullfrog's attack.
You closely miss the bullfrog.
The bullfrog is almost dead.
The bullfrog hits you.
You die...
Your divinity fades.

#≈≈.#########≈...≈#
####≈≈≈≈.≈≈≈≈..####≈.∩
##≈≈#≈≈≈.≈#####÷≈..####
####≈≈≈#######.∩≈#≈≈≈≈≈.≈#
##≈≈≈.≈≈.#..≈≈≈≈≈≈####..≈≈≈
##≈..≈#≈≈##≈..≈≈†.≈.≈≈###.≈.
#≈≈.≈##≈≈#≈≈#######≈≈≈≈≈##≈≈
##≈≈≈##.≈##≈≈#≈≈≈≈≈###≈†≈≈##≈
#≈≈≈≈#≈≈.#≈≈@≈≈≈≈.≈≈ ##†.≈≈#≈
##≈..##≈..#.≈F†.≈≈.≈. ##≈≈≈##
#.≈≈≈#≈≈≈≈#≈≈≈≈!≈≈≈≈≈ #≈≈≈≈#
#∩.≈≈#≈≈.≈#.≈.?...≈≈≈ #≈≈.≈#
#.≈.≈#≈≈.≈#≈≈≈.$$%..≈ #≈≈≈≈#
##≈≈≈##≈†≈##≈≈≈...≈≈≈ ##≈.≈##
#≈≈≈≈#≈≈≈≈##≈≈≈≈≈≈≈≈ ##.≈≈≈#≈
##.≈≈##≈≈≈≈###≈≈≈≈≈###..≈≈##†
#≈.≈≈##≈≈≈÷≈#######.≈≈≈.##≈≈


You could see a bullfrog.

Vanquished Creatures
  A phantom (D:3)
  A kobold brigand (D:3)
  A jelly (D:3)
  An orc wizard (D:3)
  2 worker ants (D:4)
  10 adders
  15 oozes
  2 worms
  2 dart slugs
  11 leopard geckos
  10 orcs
  12 giant cockroaches
  6 goblins
  10 hobgoblins
  A jackal (D:3)
  2 quokkas (D:3)
  14 ball pythons
  6 bats
  6 frilled lizards
  A jackal skeleton (D:3)
  8 kobolds
  5 rats
127 creatures vanquished.

Notes
Turn   | Place    | Note
-------+----------+-------------------------------------------
     0 | D:1      | Finster the Demigod Fighter began the quest for the Orb.
     0 | D:1      | Reached XP level 1. HP: 18/18 MP: 3/3
   213 | D:1      | Reached XP level 2. HP: 17/25 MP: 4/4
  1153 | D:2      | Reached XP level 3. HP: 31/31 MP: 5/5
  1502 | D:2      | Reached * piety under Demigod
  1531 | D:2      | Found a hide-covered altar of Uskayaw.
  1531 | D:2      | Found a shimmering blue altar of Sif Muna.
  1540 | D:2      | Found a stormy altar of Qazlal.
  1549 | D:2      | Found a basalt altar of Yredelemnul.
  1573 | D:2      | Found a sacrificial altar of Ru.
  1791 | D:3      | Reached XP level 4. HP: 31/38 MP: 6/6
  1796 | D:3      | Noticed a kobold brigand
  1818 | D:3      | Killed a kobold brigand
  1819 | D:3      | Reached XP level 5. HP: 22/45 MP: 7/7
  2077 | D:3      | Found a hazy altar of Hepliaklqana.
  2080 | D:3      | Found a shimmering altar of Xom.
  2080 | D:3      | Noticed a titan simulacrum
  2081 | D:3      | Noticed a titan simulacrum
  2081 | D:3      | Noticed a spectral ugly thing
  2375 | D:3      | Noticed a phantom
  2501 | D:3      | Killed a phantom
  2502 | D:3      | Reached XP level 6. HP: 31/52 MP: 8/8
  2772 | D:3      | Reached ** piety under Demigod
  3215 | D:4      | Found a glowing drain.
  3397 | Sewer    | Entered a sewer
  3614 | Sewer    | Reached XP level 7. HP: 39/59 MP: 9/9
  3796 | Sewer    | Slain by a bullfrog

Skill      XL: |  1  2  3  4  5  6 |
---------------+-------------------+-----
Fighting       | 3 4 |  4.1
Shields        | 3 4 |  4.1
Long Blades    | 2 3 4 |  4.8
Armour         | 3 |  3.7
Dodging        | |  0.2

Action                   |  1- 3 |  4- 6 |  7- 9 || total
-------------------------+-------+-------+-------++-------
Melee: Long sword        |   159 |   300 |    62 ||   521
  Use: Scroll            |     2 |     3 |       ||     5
  Eat: Chunk             |     8 |    16 |     2 ||    26
Armor: Scale mail        |    58 |       |       ||    58
       Plate armour      |    20 |   169 |    33 ||   222
Dodge: Dodged            |    17 |    18 |     4 ||    39
Block: Medium shield     |    88 |   212 |    56 ||   356
